 Dungeon Crawl Stone Soup version bcrawl-1.32 (webtiles) character file.

Game seed: 15463035174545816052

388214 Morbidden the Thaumaturge (level 11, -5/72 HPs)
             Began as a Fairy Air Elementalist on June 29, 2021.
             Was a Believer of Qazlal.
             Slain by an orc knight
             ... wielding a +2 spear of flaming
              (7 damage)
             ... on level 9 of the Dungeon.
             The game lasted 00:12:27 (8209 turns).

Morbidden the Thaumaturge (Fairy Air Elementalist)  Turns: 8209, Time: 00:12:28

Health: -5/72      AC: 16    Str:  6    XL:     11   Next: 23%
Magic:  28/28      EV: 21    Int: 29    God:    Qazlal [**....]
Gold:   696        SH:  9    Dex: 14    Spells: 11/33 levels left

rFire    . . .     SeeInvis .     - Fists (2.6)
rCold    . . .     Gourm    .   (shield restricted)
rNeg     . . .     Faith    .   (armour unavailable)
rPois    .         Spirit   .   v - +1 helmet
rElec    .         Reflect  .   B - +0 cloak
rCorr    .         Harm     .   y - +0 pair of gloves
MR       +....                  f - +0 pair of boots
Stlth    +.........             (no amulet)
HPRegen  0.22/turn              p - +8 ring of intelligence
MPRegen  0.21/turn              q - +5 ring of protection

@: flying evasively
A: small, magic attunement, unstealthy, unfitting armour, able to fly, AC/SH +6
a: Stop Flying, Upheaval, Renounce Religion


You were on level 9 of the Dungeon.
You worshipped Qazlal.
Qazlal was pleased with you.
You were not hungry.

You visited 2 branches of the dungeon, and saw 10 of its levels.

You collected 696 gold pieces.

Inventory:

Missiles
 E - 38 poisoned tomahawks (quivered)
Armour
 f - a +0 pair of boots (worn)
 j - a +0 medium shield
 v - a +1 helmet (worn)
 y - a +0 pair of gloves (worn)
 B - a +0 cloak (worn)
Jewellery
 m - an uncursed ring of protection from fire
 p - a +8 ring of intelligence (left hand)
 q - a +5 ring of protection (right hand)
 w - an uncursed ring of wizardry
Wands
 g - a wand of acid (6)
Scrolls
 a - 2 scrolls of magic mapping
 c - a scroll of fog
 i - 7 scrolls of identify
 n - a scroll of immolation
 t - a scroll of enchant armour
 u - a scroll of noise {unknown}
 x - 2 scrolls of remove curse
Potions
 b - 2 potions of flight
 d - a potion of cancellation {unknown}
 h - 4 potions of curing {unknown}
 k - 3 potions of degeneration {unknown}
 l - 4 potions of mutation {unknown}
 r - 2 potions of brilliance {unknown}
 s - 2 potions of might {unknown}
 z - 2 potions of magic {unknown}
 A - a potion of berserk rage {unknown}
 C - 2 potions of haste
 D - a potion of agility {unknown}
Comestibles
 e - 15 rations {!d}
 o - 6 chunks of flesh


   Skills:
 * Level 5.2 Fighting
 + Level 0.1 Throwing
 * Level 7.5 Dodging
 + Level 1.7 Stealth
 * Level 0.3 Shields
 * Level 11.5 Spellcasting
 * Level 6.2 Conjurations
 * Level 1.7 Summonings
 * Level 11.4 Air Magic
 * Level 4.2 Invocations


You had 11 spell levels left.
You knew the following spells:

 Your Spells              Type           Power        Failure   Level  Hunger
a - Shock                 Conj/Air       #####        1%          1    None
b - Airstrike             Air            ######....   1%          4    None
c - Static Discharge      Air            ######..     1%          3    None
d - Orb of Destruction    Conj           ######....   91%         7    None
e - Spellforged Servitor  Conj/Summ      #####.....   99%         7    None

Your spell library contained the following spells:

 Spells                   Type           Power        Failure   Level  Hunger
 Swiftness                Chrm/Air       #####...     1%          2    None
 Dazzling Orbs            Conj/Hex       ####...      2%          3    None
 Lightning Bolt           Conj/Air       ######....   2%          5    None
 Fulminant Prism          Conj/Hex       ####......   9%          4    None
 Confuse                  Hex            ###.....     10%         3    None
 Bolt of Draining         Conj/Necr      ####......   24%         5    None
 Petrify                  Tmut/Erth      ###.......   32%         4    None
 Yara's Violent Unravell  Hex/Tmut       ###.......   32%         4    None
 Metabolic Englaciation   Hex/Ice        ###.......   65%         5    None
 Iron Shot                Conj/Erth      ####......   80%         6    None
 Poison Arrow             Conj/Pois      ####......   80%         6    None
 Mana Rupture             Conj/Hex       ####......   100%        7    None


Dungeon Overview and Level Annotations

Branches:
Dungeon (9/12)             Temple (1/1) D:6            Lair (0/6) D:7
    Orc (0/1) D:9

Altars:
Ashenzari
Cheibriados
Dithmenos
Elyvilon
Fedhas
Gozag
Hepliaklqana
Kikubaaqudgha
Lugonu
Makhleb
Nemelex Xobeh
Okawaru
Qazlal
Ru
Sif Muna
Trog
Uskayaw
Vehumet
Wu Jian
Xom
Yredelemnul
Zin
The Shining One

Shops:
D:9 *

Annotations:
D:3 1 runed door


Innate Abilities, Weirdness & Mutations

Your spells do not cause hunger and MP costs are reduced by 1.
Your bright wings attract enemies. (Stealth-)
You cannot fit into any form of body armour.
Your shimmering scales are hard and can block incoming attacks. (AC +6, SH +6)
You are small and have problems with some larger weapons.
You can fly continuously.


Message History

You throw a poisoned tomahawk.
The poisoned tomahawk hits the orc knight.
The orc knight is poisoned.
The orc knight is lightly wounded.
The orc knight hits you from afar with a +2 spear of flaming!
The orc knight burns you. You block the orc knight's attack.
No path to travel!
Throwing (i - inventory)
E - 39 poisoned tomahawks (quivered)
Press: ? - help, Shift-Dir - straight line, f/p - orc knight
Aim: an orc knight, wielding a +2 spear of flaming, wearing a +1 scale mail of fire resistance and wearing a +0 medium shield (lightly wounded, poisoned)
You throw a poisoned tomahawk.
The poisoned tomahawk barely misses the orc knight.
The orc knight hits you from afar with a +2 spear of flaming!!
The orc knight burns you!
* * * LOW HITPOINT WARNING * * *
No path to travel!
The orc knight hits you from afar with a +2 spear of flaming!!
* * * LOW HITPOINT WARNING * * *
The orc knight burns you!
You die...

#...#...........#.
#...#...........#.
#...#############.
#.................
#..........######'
#..........#......
#..o§......#......
#..........#......
#####@######...#......
#.....# #...#......
#####<# #...#......
#.# #...#...... #.#
#...####### #.#
#.......... #.#
#.......... #.#
#..........
#.######..........


You could see an orc knight.

Vanquished Creatures
  2 orc knights (D:9)
  An elephant (D:7)
  A centaur zombie (D:9)
  A dryad (D:7)
  A troll (D:7)
  Grinder (D:6)
  A hornet (D:7)
  2 hippogriffs
  7 yaks
  2 hungry ghosts
  4 vampire mosquitoes (D:9)
  Edmund (D:6)
  A water moccasin (D:6)
  An orc warrior (D:6)
  A sky beast (D:9)
  3 ice beasts
  A black bear (D:7)
  4 ogres
  An eye of draining (D:6)
  2 centaurs
  6 bullfrogs
  A big kobold (D:9)
  2 scorpions
  6 killer bees (D:9)
  A statue (D:7)
  4 wights (D:8)
  4 crimson imps
  A hound (D:9)
  A centaur skeleton (D:9)
  An orc priest (D:5)
  A jelly (D:6)
  3 orc wizards
  Jessica (D:3)
  3 iguanas
  Natasha (thrice) (D:3)
  8 worker ants
  2 hound skeletons
  Robin (D:4)
  6 gnolls
  8 adders
  A howler monkey skeleton (D:5)
  3 shadow imps
  3 adder skeletons
  3 worms
  4 dart slugs
  6 leopard geckos
  30 orcs
  A bat (D:1)
  2 giant cockroaches
  14 goblins
  10 hobgoblins
  7 jackals
  3 quokkas
  A ball python (D:1)
  6 frilled lizards
  13 kobolds
  4 rats
212 creatures vanquished.

Notes
Turn   | Place    | Note
-------+----------+-------------------------------------------
     0 | D:1      | Morbidden the Fairy Air Elementalist began the quest for
                  | the Orb.
     0 | D:1      | Reached XP level 1. HP: 11/11 MP: 6/6
   117 | D:1      | Reached XP level 2. HP: 17/17 MP: 7/7
   448 | D:1      | Reached XP level 3. HP: 21/22 MP: 9/9
   549 | D:1      | Learned a level 3 spell: Static Discharge
  1137 | D:2      | Reached skill level 1 in Fighting
  1192 | D:2      | Reached XP level 4. HP: 28/28 MP: 10/10
  1279 | D:2      | Found a shimmering altar of Xom.
  1602 | D:3      | Found a runed door.
  1677 | D:3      | Found a basalt altar of Yredelemnul.
  1765 | D:3      | Noticed Natasha
  1769 | D:3      | Killed Natasha
  1770 | D:3      | Reached XP level 5. HP: 28/33 MP: 12/12
  1794 | D:3      | Learned a level 4 spell: Airstrike
  1834 | D:3      | Noticed Natasha
  1836 | D:3      | Killed Natasha
  1897 | D:3      | Noticed Jessica
  1899 | D:3      | Killed Jessica
  1900 | D:3      | Reached skill level 5 in Air Magic
  2081 | D:3      | Noticed Natasha
  2083 | D:3      | Killed Natasha
  2373 | D:4      | Noticed an ogre
  2378 | D:4      | Killed an ogre
  2379 | D:4      | Reached XP level 6. HP: 39/39 MP: 0/14
  2829 | D:4      | Reached XP level 7. HP: 45/45 MP: 7/16
  2868 | D:4      | Noticed Robin
  2894 | D:4      | Killed Robin
  3040 | D:4      | Found a snail-covered altar of Cheibriados.
  3087 | D:4      | Reached skill level 5 in Spellcasting
  3397 | D:5      | Entered Level 5 of the Dungeon
  3718 | D:5      | Noticed a yak
  3723 | D:5      | Killed a yak
  4031 | D:5      | Reached XP level 8. HP: 52/52 MP: 5/18
  4666 | D:6      | Found a staircase to the Ecumenical Temple.
  4675 | Temple   | Entered the Ecumenical Temple
  4877 | Temple   | Became a worshipper of Qazlal Stormbringer
  5217 | D:6      | Noticed Edmund
  5223 | D:6      | Killed Edmund
  5224 | D:6      | Reached skill level 1 in Invocations
  5319 | D:6      | Reached XP level 9. HP: 57/57 MP: 9/22
  5533 | D:6      | Noticed Grinder
  5539 | D:6      | Killed Grinder
  5540 | D:6      | Reached skill level 5 in Dodging
  5745 | D:7      | Noticed a troll
  5748 | D:7      | Killed a troll
  5985 | D:7      | Reached skill level 5 in Conjurations
  5985 | D:7      | Reached * piety under Qazlal
  6078 | D:7      | Noticed a hornet
  6080 | D:7      | Killed a hornet
  6208 | D:7      | Found a staircase to the Lair.
  6354 | D:7      | Noticed a dryad
  6374 | D:7      | Killed a dryad
  6391 | D:7      | Reached XP level 10. HP: 63/64 MP: 2/25
  6469 | D:7      | Noticed an elephant
  6479 | D:7      | Killed an elephant
  6480 | D:7      | Reached skill level 10 in Air Magic
  6910 | D:8      | Reached skill level 10 in Spellcasting
  7052 | D:9      | Learned a level 7 spell: Orb of Destruction
  7060 | D:9      | Learned a level 7 spell: Spellforged Servitor
  7102 | D:9      | Reached ** piety under Qazlal
  7344 | D:9      | Noticed an orc knight
  7382 | D:9      | Killed an orc knight
  7383 | D:9      | Reached skill level 5 in Fighting
  7383 | D:9      | Reached skill level 1 in Summonings
  7408 | D:9      | Reached XP level 11. HP: 59/71 MP: 12/28
  7498 | D:9      | Found a staircase to the Orcish Mines.
  7499 | D:9      | Noticed an orc knight
  7550 | D:9      | Killed an orc knight
  7694 | D:9      | Found Koesub's Assorted Antiques.
  7801 | D:9      | Found a glowing silver altar of Zin.
  7801 | D:9      | Noticed an angel
  8161 | D:9      | Noticed an orc knight
  8209 | D:9      | HP: 2/72 [orc knight/+2 spear of flaming (22)]
  8209 | D:9      | Slain by an orc knight

Skill      XL: |  1  2  3  4  5  6  7  8  9 10 11 |
---------------+----------------------------------+-----
Dodging        | 3 4 6 7 |  7.5
Air Magic      | 4 5 6 8 9 11 | 11.4
Spellcasting   | 3 4 5 7 9 11 | 11.5
Conjurations   | 2 3 4 5 6 |  6.2
Fighting       | 1 2 3 4 5 |  5.2
Invocations    | 1 2 3 4 |  4.2
Summonings     | 1 |  1.7
Throwing       | |  0.1
Stealth        | |  1.7
Shields        | |  0.3

Action                   |  1- 3 |  4- 6 |  7- 9 | 10-12 || total
-------------------------+-------+-------+-------+-------++-------
Melee: Unarmed           |       |       |     1 |     5 ||     6
Throw: Tomahawk          |       |       |       |    18 ||    18
 Cast: Shock             |    89 |    53 |   113 |    63 ||   318
       Static Discharge  |     5 |     2 |     1 |     8 ||    16
       Airstrike         |       |    24 |   110 |    92 ||   226
  Use: Scroll            |       |     1 |     3 |     9 ||    13
  Eat: Chunk             |     1 |     6 |    14 |     9 ||    30
Armor: Skin              |       |       |     9 |    20 ||    29
Dodge: Dodged            |    15 |    12 |    25 |    79 ||   131
Block: Other             |     2 |     1 |     8 |    46 ||    57
